Unix NetHack Version 3.7.0-89 Work-in-progress - last build Sep 7 2023 15:16:41 (8494bff02b67719303c47e298deaa89034127798,branch:master). Game began 2023-09-07 16:53:46, ended 2023-09-07 18:24:39. pinball, neutral male human Archeologist ------- |.....| --------- --------- |[....-#####-.......| ####........| --------------- |.....| |........##### |.......+####|.....^<......| --.---- |.......| |.......|# #|.............| ----- # |......[| |.......| #...............f |..(| # |......>.# |.......| |.............|@m### |...| # |.......|## --------- +.............| #----...---- # ------.-- ## --------------- #....(.(...| ---.---- # # |..(.(..(.| |......| ###### |.........| |......| ########## ----------- |......| ######## -------- ##-|------- |.......| +.......| |.....{.| --------- Pinball the Investigator St:16 Dx:13 Co:14 In:15 Wi:13 Ch:12 Neutral S:8009 Dlvl:6 $:0 HP:0(60) Pw:30(30) AC:1 Xp:7/933 T:6382 Burdened Latest messages: You hear nothing special. You see here a chest. The housecat eats a small mimic corpse. You see a dog appear where the housecat was! In what direction? . There is a chest here. Check it for traps? [ynq] (q) y You find no traps on the chest. There is a chest here. Check it for traps? y You find no traps on the chest. There is a chest here. Check it for traps? y You find no traps on the chest. There is a chest here. Check it for traps? y You find a trap on the chest! Disarm it? [ynq] (q) n You have a little trouble lifting a chest. Continue? [ynq] (q) y G - a chest. You rebalance your load. Movement is difficult. What do you want to name? [abghjknos-zB-IP-RT or ?*] G What do you want to name this chest? trap! What do you want to drop? [abghjknos-zB-IP-RT or ?*] G You drop a chest named trap!. Your movements are only slowed slightly by your load. What do you want to use or apply? [abgksv-xCFPQ or ?*] s In what direction? l That chest is really a giant mimic. Status of the giant mimic (neutral, large): Level 8 HP 41(41) AC 7. What do you want to put on? [BP or ?*] ? Never mind. You hear bubbling water. That door is closed. You swap places with your housecat. Wait! That's a giant mimic! What do you want to use or apply? [abgksv-xCFPQ or ?*] b You have a little trouble removing J - a blessed scroll of stinking cloud. The giant mimic hits! The giant mimic hits again! x - a +0 pick-axe (weapon in hand). You hit the giant mimic. You hit the giant mimic! The giant mimic hits! The giant mimic hits again! What do you want to throw? [ahotH or ?*] J In what direction? l The scroll of stinking cloud misses the giant mimic. What do you want to write with? [- aghotzBCFHQT or ?*] - You write in the dust with your fingertip. What do you want to write in the dust here? Elbereth The giant mimic hits! You die... Do you want your possessions identified? [ynq] (y) q Inventory: Weapons h - 8 +1 crossbow bolts H - a cursed -1 dart o - 2 +0 orcish daggers t - a +0 aklys (alternate weapon; not wielded) a - a +2 bullwhip Armor R - a blessed +1 orcish helm (being worn) I - an uncursed +0 pair of jumping boots (being worn) j - an uncursed +0 alchemy smock with text "Rat: The other white meat" (being worn) n - an uncursed +0 elven mithril-coat (being worn) Scrolls E - an uncursed scroll of identify D - a blessed scroll of light Potions y - an uncursed potion of acid u - an uncursed potion of restore ability Rings B - a blessed +1 ring of gain strength Wands Q - a wand of create monster (0:11) C - a wand of opening (0:5) F - a blessed wand of striking (0:7) Tools b - an uncursed bag of holding containing 22 items P - an uncursed blindfold v - an uncursed brass lantern w - an uncursed brass lantern k - an uncursed lock pick x - a +0 pick-axe (weapon in hand) s - an uncursed stethoscope Gems/Stones T - 2 uncursed jasper stones z - 2 uncursed worthless pieces of yellow glass g - an uncursed touchstone Contents of the bag of holding: 3907 gold pieces an uncursed +0 orcish helm an uncursed +0 orcish helm an uncursed +0 pair of kicking boots 4 uncursed slime molds an uncursed food ration 2 uncursed tripe rations an uncursed egg an uncursed lichen corpse an uncursed scroll of confuse monster an uncursed potion of booze an uncursed potion of water an uncursed potion of speed an uncursed potion of see invisible a blessed potion of invisibility an uncursed potion of levitation an uncursed potion of oil a cursed potion of object detection an uncursed potion of confusion an empty uncursed sack 4 uncursed tallow candles a tinning kit (0:97) Pinball the Archeologist's attributes: Background: You were an Investigator, a level 7 male human Archeologist. You were neutral, on a mission for Camaxtli who was opposed by Quetzalcoatl (lawful) and Huhetotl (chaotic). You were in the Dungeons of Doom, on level 6. You entered the dungeon 6382 turns ago. You had 933 experience points, 347 more were needed to attain level 8. Your score was 8009 before end-of-game adjustments. Basics: You had 0 out of 60 hit points. You had all 30 energy points (spell power). Your armor class was 1. Your wallet was empty, but you had 3907 zorkmids stashed away in your pack. Autopickup was off. Final Characteristics: Your strength was 16 (limit:18/100). Your dexterity was 13 (limit:18). Your constitution was 14 (limit:18). Your intelligence was 15 (limit:18). Your wisdom was 13 (limit:18). Your charisma was 12 (limit:18). Final Status: You were held by a giant mimic (east). You were not hungry. You were burdened; movement was slightly slowed. You were wielding a pick-axe. You had expert skill with pick-axe. Final Attributes: You were piously aligned. You were poison resistant. You were acid resistant. Your items were protected from acid. You had automatic searching. You were stealthy. You could jump. You were guarded. You are dead. Miscellaneous: You never encountered a bones level. Total elapsed playing time was 1 hour, 30 minutes and 52 seconds. Major events: Turn 1: pinball the neutral male human Archeologist entered the dungeon 1882: attained the rank of Field Worker (level 3) 3454: entered the Gnomish Mines 3620: reached Mine Town 4406: attained the rank of Investigator (level 6) 6382: killed by a giant mimic Vanquished creatures: a ghost 5 small mimics an imp a rock piercer a rock mole 2 yellow lights 2 gnome leaders a gnomish wizard a kobold mummy 2 floating eyes a kitten 3 dwarves a homunculus a kobold shaman 7 hill orcs a rothe a rabid rat 5 dwarf zombies a wererat a werejackal an iguana a killer bee a gas spore 2 hobbits a manes 3 large kobolds a giant rat a yellow mold 3 green molds 3 red molds 18 gnomes 3 garter snakes 2 gnome zombies 2 geckos 10 jackals 5 foxes a kobold 3 goblins 6 sewer rats 12 grid bugs 3 bats 5 lichens a kobold zombie 11 newts 138 creatures vanquished. No species were genocided or became extinct. Voluntary challenges: You read items or engraved 8 times. You never engraved Elbereth. You never genocided any monsters. You never polymorphed an object. You used no wishes. Achievements: You entered a shop. You attained the rank of Field Worker. You entered the Gnomish Mines. You entered Minetown. You attained the rank of Investigator. The Dungeons of Doom: levels 1 to 6 Level 1: Level 2: An armor shop. Level 3: Level 4: "$" An altar, some fountains. Stairs down to The Gnomish Mines. Level 5: Level 6: <- You were here. A fountain. Final resting place for you, killed by a giant mimic. The Gnomish Mines: levels 5 to 8 Level 5: Level 6: Level 7: Level 8: "orctown sucks pinballs" Game over: ---------- / \ / REST \ / IN \ / PEACE \ / \ | pinball | | 3907 Au | | killed by a | | giant mimic | | | | | | 2023 | *| * * * | * _________)/\\_//(\/(/\)/\//\/|_)_______ Goodbye pinball the Archeologist... You died in The Dungeons of Doom on dungeon level 6 with 7619 points, and 3907 pieces of gold, after 6382 moves. You were level 7 with a maximum of 60 hit points when you died.